 Dungeon Crawl Stone Soup version 0.28.0-62-gf88900778d (webtiles) character file.

Game seed: 15943303884321948135

24135 cbfl8 the Blocker (level 12, -3/159 HPs)
             Began as a Minotaur Fighter on May 1, 2023.
             Was a High Priest of the Shining One.
             Slain by a skeletal warrior
             ... wielding a +3 short sword
              (5 damage)
             ... on level 14 of the Dungeon.
             The game lasted 00:32:12 (16023 turns).

cbfl8 the Blocker (Minotaur Fighter)               Turns: 16023, Time: 00:32:13

Health: -3/159     AC: 24    Str: 22    XL:     12   Next: 78%
Magic:  10/15      EV:  8    Int:  5    God:    the Shining One [*****.]
Gold:   425        SH: 17    Dex: 14    Spells: 11/11 levels left

rFire   + + .      SeeInvis .   s - +8 trident "Fosoys" {vorpal, Stlth+}
rCold   + . .      Faith    .   j - +0 kite shield
rNeg    + + .      Spirit   .   l - +0 plate armour
rPois   +          Reflect  +   t - +1 hat
rElec   +          Harm     .   p - +0 cloak
rCorr   +          Rampage  .   n - +2 pair of gloves
Will    .....                   (no boots)
Stlth   ..........              C - amulet of reflection
HPRegen 0.36/turn               c - +4 ring of protection
MPRegen 0.14/turn               r - ring of protection from fire

@: berserking, resistant, glowing, studying Shields, very quick
A: horns 2, retaliatory headbutt
a: Renounce Religion, Divine Shield, Cleansing Flame, Summon Divine Warrior


You were on level 14 of the Dungeon.
You worshipped the Shining One.
The Shining One was extremely pleased with you.
You visited 2 branches of the dungeon, and saw 16 of its levels.
You visited the Abyss 1 time.
You also visited: Ossuary.

You collected 1170 gold pieces.
You spent 745 gold pieces at shops.

Inventory:

Hand Weapons
 s - the +8 trident "Fosoys" (weapon) {vorpal, Stlth+}
   (You bought it in a shop on level 9 of the Dungeon)

   It inflicts extra damage upon your enemies.
   Stlth:     It makes you more stealthy.
Armour
 j - a +0 kite shield (worn)
 l - a +0 plate armour (worn)
 n - a +2 pair of gloves (worn)
 p - a +0 cloak (worn)
 t - a +1 hat (worn)
Jewellery
 c - a +4 ring of protection (left hand)
 r - a ring of protection from fire (right hand)
 C - an amulet of reflection (around neck)
Wands
 a - a wand of digging (4)
 e - a wand of polymorph (2)
 g - a wand of flame (31)
 k - a wand of iceblast (5)
 v - a wand of mindburst (8) (quivered)
 B - a wand of charming (8)
Scrolls
 d - 6 scrolls of enchant armour
 f - 2 scrolls of fog
 y - a scroll of fear
 z - 3 scrolls of identify
 A - 2 scrolls of magic mapping
Potions
 b - a potion of cancellation
 m - 4 potions of lignification
 o - a potion of resistance
 w - a potion of mutation
 x - 3 potions of flight


   Skills:
 * Level 9.9 Fighting
 - Level 9.7(11.2) Axes
 * Level 9.0(10.9) Polearms
 * Level 10.6 Armour
 * Level 7.4 Dodging
 * Level 6.0 Stealth
 * Level 12.7 Shields
 * Level 6.4 Invocations
 * Level 5.9 Evocations


You had 11 spell levels left.
You didn't know any spells.
Your spell library contained the following spells:

 Spells                   Type           Power      Damage    Failure   Level
 Beastly Appendage        Tmut           0%         N/A       100%        1
 Summon Small Mammal      Summ           0%         N/A       100%        1
 Sublimation of Blood     Necr           0%         N/A       100%        2
 Wereblood                Tmut           0%         N/A       100%        2
 Call Canine Familiar     Summ           0%         N/A       100%        3
 Spider Form              Tmut/Pois      0%         N/A       100%        3
 Stone Arrow              Conj/Erth      0%         3d7       100%        3
 Summon Guardian Golem    Hex/Summ       0%         N/A       100%        3
 Animate Armour           Summ/Erth      0%         N/A       100%        4
 Fulminant Prism          Conj/Hex       0%         3d6       100%        4
 Iskenderun's Mystic Bla  Conj/Tloc      0%         2d3       100%        4
 Blade Hands              Tmut           0%         N/A       100%        5
 Irradiate                Conj/Tmut      0%         3d13      100%        5
 Lee's Rapid Deconstruct  Erth           0%         3d5*      100%        5
 Dragon Form              Tmut           0%         N/A       100%        7
 Summon Hydra             Summ           0%         N/A       100%        7
 Lehudib's Crystal Spear  Conj/Erth      0%         10d2      100%        8


Dungeon Overview and Level Annotations

Branches:
Dungeon (15/15)            Temple (1/1) D:7            Lair (0/6) D:10
    Orc (0/2) D:9          Vaults (0/5) D:14        Ossuary (visited)
 Depths: D:15

Altars:
Ashenzari
Cheibriados
Dithmenos
Elyvilon
Fedhas
Gozag
Hepliaklqana
Kikubaaqudgha
Makhleb
Nemelex Xobeh
Okawaru
Qazlal
Ru
Sif Muna
Trog
Uskayaw
Vehumet
Wu Jian
Xom
Yredelemnul
Zin
The Shining One

Shops:
D:9 (?[(

Annotations:
D:3 3 runed translucent doors, NeilCOOKIE's ghost, weakling MiBe
D:10 Snorg


Innate Abilities, Weirdness & Mutations

You have a pair of horns on your head.
You reflexively headbutt those who attack you in melee.


Message History

You reflect the arrow off an invisible shield around you!
The arrow hits the centaur warrior!!
The skeletal warrior hits you but does no damage.
The centaur warrior shoots an arrow.
You reflect the arrow off an invisible shield around you!
The arrow hits the centaur warrior!!
You kill the centaur warrior!
Your base Polearms skill increases to level 9!
You climb upwards.
Found 19 bolts.
There is a stone staircase leading down here.
You feel better.
The skeletal warrior hits you with a +3 short sword!
* * * LOW HITPOINT WARNING * * *
You feel better.
The skeletal warrior hits you with a +3 short sword!
* * * LOW HITPOINT WARNING * * *
Activating: Cleansing Flame (26% risk of failure)
Press: ? - help, Dir - look around, f - activate The golden flame engulfs you but does no damage.
You resist.
The golden flame engulfs the skeletal warrior but does no damage.
You hear a shout! x2
You block the skeletal warrior's attack.
Unknown command.
Activating: Cleansing Flame (28% risk of failure)
Press: ? - help, Dir - look around, f - activate
Okay, then.
Unknown command.
You can't see any enemies this would affect, really read the scroll of fear?
Okay, then.
Okay, then.
Okay, then.
A red film seems to cover your vision as you go berserk!
You feel yourself moving faster!
You feel mighty!
The skeletal warrior hits you but does no damage.
You impale the skeletal warrior!! You headbutt the skeletal warrior!
The skeletal warrior is heavily damaged.
The skeletal warrior hits you with a +3 short sword.
You die...

#........##.......##
#...................
#......#.......###..
#.#....#............
#(#....#............
#.#....#............
#......# #########..
#......#########≈≈≈≈
#.z@...#......#≈≈≈≈≈
#.####.#.....##≈##≈.
#. #.#.....#≈≈#... #
#.#.....####...
#.#.......##... #.
#.#.......##... #.
#.#.......##... #.
#.#....=.......
#.####.#.........)..


You could see a skeletal warrior.

Vanquished Creatures
  A bunyip (D:12)
  A boulder beetle (D:11)
  A hydra (D:13)
  4 two-headed ogres
  3 centaur warriors
  A thrashing horror (Abyss:2)
  A wizard (D:14)
  3 manticores
  10 ugly things
  3 cyclopes
  Joseph (D:8)
  A gargoyle (D:12)
  Psyche (D:7)
  2 efreet
  3 shadows
  Sigmund (D:3)
  A human (shapeshifter) (D:14)
  2 wyverns (D:9)
  2 wraiths (D:11)
  A basilisk (D:11)
  3 steam dragons
  A vampire mosquito (D:14)
  Menkaure (D:5)
  An acid dragon (D:9)
  Duvessa (D:4)
  A water moccasin (D:7)
  3 orc warriors
  A sky beast (D:5)
  2 necrophages (D:6)
  An ogre (D:6)
  9 centaurs
  A phantom (D:6)
  2 kobold brigands
  2 elf zombies (Ossuary)
  A bullfrog (D:8)
  2 gnoll sergeants (D:13)
  2 small abominations (Abyss:2)
  A wyvern zombie (D:7)
  A scorpion (D:6)
  A wyvern skeleton (D:5)
  A water moccasin skeleton (D:7)
  Dowan (D:4)
  14 wights
  6 killer bees (D:7)
  3 howler monkeys
  A starcursed mass (Abyss:2)
  4 centaur zombies
  2 jellies
  5 hounds
  6 orc priests
  Crazy Yiuf (D:6)
  3 bullfrog skeletons
  A gnoll shaman (D:7)
  7 orc wizards
  An iguana (D:6)
  A hound zombie (D:5)
  A hound skeleton (D:5)
  2 mummies (Ossuary)
  3 howler monkey zombies
  14 gnolls
  8 adders
  A white imp (Abyss:2)
  An adder skeleton (D:4)
  A worm (D:2)
  7 dart slugs
  28 orcs
  7 ball pythons
  12 endoplasms
  A giant cockroach (D:4)
  8 goblins
  3 hobgoblins
  4 jackals (D:1)
  5 quokkas
  6 bats
  3 frilled lizards
  2 goblin zombies (Ossuary)
  9 hobgoblin zombies (Ossuary)
  15 kobolds
  11 kobold zombies (Ossuary)
  9 orc zombies (Ossuary)
  8 rats
  2 rat zombies (Ossuary)
308 creatures vanquished.

Vanquished Creatures (collateral kills)
  Jorgrun (D:13)
  A tentacled starspawn (Abyss:2)
  A vault guard (D:14)
  2 wretched stars (Abyss:2)
  An ugly thing (D:13)
  A gargoyle (D:13)
  An efreet (D:14)
  A hellwing (Abyss:2)
  A hornet (D:9)
  A centaur simulacrum (D:14)
  4 large abominations (Abyss:2)
  A neqoxec (Abyss:2)
  2 chaos spawn (Abyss:2)
  A howler monkey (D:9)
  4 starcursed masses (Abyss:2)
23 creatures vanquished.

Vanquished Creatures (others)
  An electric eel (D:9)
  2 plants (D:1)
  16 starspawn tentacles (Abyss:2)
19 creatures vanquished.

Grand Total: 350 creatures vanquished

Notes
Turn   | Place    | Note
-------+----------+-------------------------------------------
     0 | D:1      | cbfl8 the Minotaur Fighter began the quest for the Orb.
     0 | D:1      | Reached XP level 1. HP: 19/19 MP: 0/0
   307 | D:1      | Reached XP level 2. HP: 27/27 MP: 1/1
   399 | D:1      | Reached skill level 4 in Shields
   645 | D:1      | Reached XP level 3. HP: 33/33 MP: 2/2
   691 | D:1      | Found a faded altar of an unknown god.
  1086 | D:1      | Prayed at the altar of an unknown god.
  1086 | D:1      | Became a worshipper of the Shining One
  1086 | D:1      | Reached * piety under the Shining One
  1397 | D:2      | Reached XP level 4. HP: 36/41 MP: 3/3
  1926 | D:2      | Found an ancient bone altar of Kikubaaqudgha.
  2088 | D:3      | Noticed Sigmund
  2096 | D:2      | Reached XP level 5. HP: 21/47 MP: 4/4
  2384 | D:3      | Found an ancient bone altar of Kikubaaqudgha.
  2529 | D:3      | Reached skill level 1 in Dodging
  2593 | D:3      | Found a runed translucent gate.
  2594 | D:3      | Found a runed translucent gate.
  2595 | D:3      | Found a runed translucent gate.
  2637 | D:3      | Noticed NeilCOOKIE's ghost (weakling MiBe)
  2637 | D:3      | Reached ** piety under the Shining One
  2711 | D:3      | Killed Sigmund
  2712 | D:3      | Reached skill level 5 in Axes
  2712 | D:3      | Reached skill level 1 in Stealth
  2712 | D:3      | Reached skill level 1 in Invocations
  2712 | D:3      | Reached XP level 6. HP: 55/55 MP: 5/5
  2886 | D:3      | Reached skill level 5 in Fighting
  3235 | D:4      | Reached skill level 1 in Evocations
  3545 | D:4      | Noticed Duvessa
  3546 | D:4      | Noticed Dowan
  3552 | D:4      | Killed Duvessa
  3555 | D:4      | Killed Dowan
  3556 | D:4      | Reached skill level 5 in Armour
  3556 | D:4      | Reached XP level 7. HP: 61/61 MP: 5/7
  4134 | D:5      | Entered Level 5 of the Dungeon
  4134 | D:5      | Noticed Menkaure
  4533 | D:5      | Found a glowing golden altar of the Shining One.
  4793 | D:5      | Reached skill level 5 in Shields
  4835 | D:5      | Identified a scroll of acquirement
  4835 | D:5      | Acquired a manual of Shields
  5090 | D:5      | Killed Menkaure
  5308 | D:5      | Reached XP level 8. HP: 70/70 MP: 8/8
  5314 | D:5      | Found an iron altar of Okawaru.
  5517 | D:6      | Reached *** piety under the Shining One
  5841 | D:6      | Found a sand-covered staircase.
  5852 | Ossuary  | Entered an ossuary
  5896 | Ossuary  | Reached **** piety under the Shining One
  5974 | Ossuary  | Reached skill level 6 in Shields
  5983 | Ossuary  | Reached ***** piety under the Shining One
  6606 | D:6      | Found a runed translucent door.
  6607 | D:6      | Noticed Crazy Yiuf
  6692 | D:6      | Killed Crazy Yiuf
  6814 | D:7      | Reached XP level 9. HP: 78/78 MP: 10/10
  6825 | D:7      | Found a bloodstained altar of Trog.
  6826 | D:7      | Found a sacrificial altar of Ru.
  6826 | D:7      | Found an opulent altar of Gozag.
  6828 | D:7      | Found a hide-covered altar of Uskayaw.
  6830 | D:7      | Found a blossoming altar of Fedhas.
  6830 | D:7      | Found a shadowy altar of Dithmenos.
  6831 | D:7      | Found a basalt altar of Yredelemnul.
  6924 | D:7      | Noticed a two-headed ogre
  7271 | D:7      | Found a staircase to the Ecumenical Temple.
  7279 | Temple   | Entered the Ecumenical Temple
  7771 | D:7      | Killed a two-headed ogre
  7772 | D:7      | Reached skill level 7 in Shields
  8157 | D:8      | Noticed Psyche
  8186 | D:7      | Killed Psyche
  8187 | D:7      | Reached skill level 8 in Shields
  8396 | D:8      | Reached XP level 10. HP: 84/86 MP: 12/12
  8414 | D:8      | Noticed Joseph
  8431 | D:8      | Killed Joseph
  8476 | D:8      | Reached skill level 5 in Dodging
  8574 | D:8      | You fall into a shaft and drop 2 floors!
  8574 | D:10     | Entered Level 10 of the Dungeon
  8654 | D:10     | Reached skill level 9 in Shields
  8673 | D:10     | Found a sparkling altar of Nemelex Xobeh.
  8686 | D:10     | Identified the +0 pair of gloves "Ivusoihi" {Int-4 Dex+5}
  8714 | D:9      | Found Ucuub's Weapon Emporium.
  8715 | D:9      | Found a staircase to the Orcish Mines.
  9041 | D:9      | Reached ****** piety under the Shining One
  9057 | D:9      | Found Ajuos's Antique Weapon Shop.
  9088 | D:9      | Found Zampui Repp's Armour Shoppe.
  9126 | D:9      | Found a shimmering altar of Xom.
  9136 | D:9      | Noticed a two-headed ogre
  9149 | D:9      | Killed a two-headed ogre
  9471 | D:9      | Found Tepicuzi's Magic Scroll Shoppe.
  9601 | D:9      | Bought a scroll of identify for 30 gold pieces
  9948 | D:10     | Noticed Snorg
 10134 | D:11     | Noticed a cyclops
 10148 | D:11     | Killed a cyclops
 10306 | D:11     | Reached skill level 1 in Polearms
 10400 | D:9      | Bought the +8 trident "Fosoys" {vorpal, Stlth+} for 715
                  | gold pieces
 10544 | D:10     | Reached skill level 5 in Invocations
 10544 | D:10     | Reached XP level 11. HP: 95/95 MP: 13/13
 10623 | D:10     | Found a staircase to the Lair.
 10642 | D:10     | Noticed a centaur warrior
 10659 | D:10     | Killed a centaur warrior
 10660 | D:10     | Reached skill level 10 in Shields
 11277 | D:11     | Noticed a boulder beetle
 11294 | D:11     | Killed a boulder beetle
 11541 | D:11     | Noticed a green ugly thing
 11553 | D:11     | Killed a green ugly thing
 11672 | D:12     | Noticed a six-headed hydra
 11742 | D:12     | Reached skill level 5 in Stealth
 11805 | D:12     | Found the dreamshard necklace {*Dream Drain}
 11806 | D:12     | Noticed a two-headed ogre
 11811 | D:12     | Killed a two-headed ogre
 12075 | D:12     | Reached skill level 5 in Evocations
 12309 | D:12     | Noticed a two-headed ogre
 12317 | D:12     | Killed a two-headed ogre
 12318 | D:12     | Reached skill level 5 in Polearms
 12318 | D:12     | Reached skill level 11 in Shields
 12525 | D:12     | Noticed a bunyip
 12525 | D:12     | a six-headed hydra changed into a bunyip
 12531 | D:12     | Killed a bunyip
 13082 | D:13     | Noticed a seven-headed hydra
 13082 | D:13     | Noticed a purple ugly thing
 13089 | D:13     | Killed a seven-headed hydra
 13386 | D:13     | Reached XP level 12. HP: 75/104 MP: 15/15
 13387 | D:13     | Noticed Jorgrun
 13399 | D:13     | Killed Jorgrun
 13400 | D:13     | Reached skill level 10 in Armour
 13904 | D:13     | Noticed a centaur warrior
 13915 | D:13     | Killed a centaur warrior
 14608 | D:14     | Identified the +4 hunting sling "Uruoc" {freeze, rC+ rN+
                  | Int+3}
 14684 | D:14     | Cast into level 2 of the Abyss (a wizard)
 14706 | Abyss:2  | Noticed a balrug
 14774 | Abyss:2  | Noticed a starcursed mass
 14836 | Abyss:2  | Noticed a tentacled starspawn
 14845 | Abyss:2  | Killed a tentacled starspawn
 15031 | D:14     | Escaped the Abyss
 15485 | D:14     | Reached skill level 12 in Shields
 15970 | D:14     | Found a gate to the Vaults.
 15970 | D:14     | Noticed a vault guard
 15970 | D:14     | Noticed a vault guard
 15970 | D:14     | Noticed a vault guard
 15970 | D:14     | Noticed a vault guard
 15972 | D:14     | Noticed a boulder beetle
 15972 | D:14     | Noticed an ogre mage
 15999 | D:14     | Killed a vault guard
 16012 | D:15     | Entered Level 15 of the Dungeon
 16012 | D:15     | Noticed a five-headed hydra
 16014 | D:15     | Noticed a centaur warrior
 16015 | D:15     | HP: 3/106 [centaur warrior/arrow (9)]
 16016 | D:15     | The Shining One protects you from harm!
 16017 | D:15     | Killed a centaur warrior
 16020 | D:14     | HP: 1/106 [skeletal warrior/+3 short sword (12)]
 16023 | D:14     | Slain by a skeletal warrior

Illustrated notes

Levels and vault maps discovered:
D:1:      mushboom_english_gardens, layout_basic,
          shapermc_ecumenical_altar_flowoftime, st_stairs_6,
          minmay_misc_feat_five, hangedman_decor_riveting
D:2:      kb_forest_paths, layout_loops_ring, basic_altar
D:3:      minmay_wonky_spiral, layout_rooms,
          nicolae_kikubaaqudgha_miasma_corner, gammafunk_ghost_necromancy,
          uniq_sigmund
D:4:      layout_basic, hangedman_decor_points, uniq_duvessa
D:5:      layout_basic, mainiacjoe_overflow_brackets,
          mainiacjoe_overflow_catwalk, uniq_menkaure
D:6:      layout_cave_pods, lightli_ossuary_entry_decrepit_ruins,
          uniq_crazy_yiuf_cottage
D:7:      layout_cave_pods, grunt_temple_overflow_open, temple_green,
          minmay_misc_feat_secret_circle
D:8:      layout_rooms, uniq_joseph, uniq_psyche
D:9:      layout_rooms, mainiacjoe_overflow_six_doors_small, orc_0_dummy,
          serial_shops, shop, nicolae_inconvenience_store, shop,
          nicolae_diamond_shop, lemuel_flamethrower_1
D:10:     layout_rooms, nemelex_xobeh_ov_fountains_minmay, lair_entry_dummy,
          uniq_snorg
D:11:     layout_gridville, serial_rivers, chequers_serial_rivers_small_b,
          chequers_serial_rivers_micro_c, chequers_serial_rivers_small_3,
          chequers_serial_rivers_micro_b, chequers_serial_rivers_micro_c
D:12:     layout_irregular_city
D:13:     layout_gridville, uniq_jorgrun
D:14:     layout_stronghold, lightli_vaults_fourway_checkpoint,
          dk_noncrumbling_4, chequers_serial_rivers_small_3
D:15:     hangedman_depths_entry_try_elsewhere_first, layout_cave_pools,
          gammafunk_ghost_grave, minmay_ruined_shrine, uniq_azrael, uniq_kirke
Temple:   jpeg_temple_alley_garden

Skill      XL: |  1  2  3  4  5  6  7  8  9 10 11 12 |
---------------+-------------------------------------+-----
Shields        | 4 5 6 8 9 11 12 | 12.7
Fighting       | 4 5 6 7 8 9 |  9.9
Armour         | 4 5 6 7 8 9 10 | 10.6
Axes           | 3 4 5 6 7 8 9 |  9.7
Dodging        | 1 2 3 4 5 6 7 |  7.4
Stealth        | 1 2 3 4 5 6 |  6.0
Invocations    | 1 2 3 4 5 6 |  6.4
Evocations     | 1 2 3 4 5 |  5.9
Polearms       | 1 6 9 |  9.0

Action                   |  1- 3 |  4- 6 |  7- 9 | 10-12 || total
-------------------------+-------+-------+-------+-------++-------
Melee: War axe           |    84 |    80 |   183 |    37 ||   384
       Headbutt          |    15 |    16 |    73 |   109 ||   213
       Broad axe         |       |       |    67 |   106 ||   173
       Trident           |       |       |       |   253 ||   253
Invok: Cleansing Flame   |       |       |     1 |     3 ||     4
       Divine Shield     |       |       |     1 |     1 ||     2
       Summon Divine War |       |       |       |     3 ||     3
Evoke: Wand              |       |       |     3 |    24 ||    27
  Use: Potion            |       |     2 |     2 |    13 ||    17
       Scroll            |       |     1 |    16 |    14 ||    31
Armor: Scale mail        |    49 |     4 |       |       ||    53
       Plate armour      |       |    38 |   175 |   207 ||   420
Dodge: Dodged            |    37 |    19 |    74 |   114 ||   244
Block: Buckler           |    18 |       |       |       ||    18
       Kite shield       |     8 |    43 |   169 |   281 ||   501
       Reflection        |       |       |       |     5 ||     5
